 Dungeon Crawl Stone Soup version 0.30-a0-760-g5a9884bb7c (webtiles) character file.

Game seed: 1269143810692498344

67 boo the Trooper (level 3, -1/33 HPs)
             Began as a Minotaur Fighter on Feb 11, 2023.
             Slain by a gnoll
             ... wielding a +1 heavy flail
              (2 damage)
             ... on level 2 of the Dungeon.
             The game lasted 00:01:22 (1149 turns).

boo the Trooper (Minotaur Fighter)                  Turns: 1149, Time: 00:01:23

Health: -1/33      AC:  7    Str: 22    XL:     3   Next: 98%
Magic:  2/2        EV:  9    Int:  5    God:
Gold:   55         SH:  4    Dex:  9    Spells: 2/2 levels left

rFire   . . .      SeeInvis .    a - +0 long sword
rCold   . . .      Faith    .    c - +0 buckler
rNeg    . . .      Spirit   .    b - +0 scale mail
rPois   .          Reflect  .    (helmet restricted)
rElec   .          Harm     .    (no cloak)
rCorr   .          Rampage  .    (no gloves)
Will    .....                    (no boots) Stlth
                                 (no amulet)
HPRegen 0.25/turn                (no ring)
MPRegen 0.08/turn                (no ring)

@: no status effects
A: horns 2, retaliatory headbutt
a: no special abilities


You were on level 2 of the Dungeon.
You visited 1 branch of the dungeon, and saw 2 of its levels.

You collected 55 gold pieces.

Inventory:

Hand Weapons
 a - a +0 long sword (weapon)
Armour
 b - a +0 scale mail (worn)
 c - a +0 buckler (worn)
Scrolls
 f - a scroll of torment {unknown}
 g - 2 scrolls of fear {unknown}
Potions
 d - 2 potions of might
 e - 2 potions of brilliance {unknown}
 h - 2 potions of curing {unknown}
 i - a potion of berserk rage {unknown}
 j - a potion of heal wounds {unknown}


   Skills:
 + Level 4.2 Fighting
 * Level 3.7 Long Blades
 + Level 4.1 Armour
 + Level 4.1 Shields


You had 2 spell levels left.
You didn't know any spells.
Your spell library contained the following spells:

 Spells                   Type           Power      Damage    Failure   Level
 Summon Small Mammal      Summ           0%         N/A       87%         1
 Call Canine Familiar     Summ           0%         N/A       99%         3
 Summon Guardian Golem    Hex/Summ       0%         N/A       99%         3
 Orb of Destruction       Conj           0%         9d5       100%        7
 Spellforged Servitor     Conj/Summ      0%         N/A       100%        7


Dungeon Overview and Level Annotations

Branches:
Dungeon (2/15)

Altars:


Innate Abilities, Weirdness & Mutations

You have a pair of horns on your head.
You reflexively headbutt those who attack you in melee.


Message History

You block the gnoll's attack.
The gnoll hits you from afar with a +0 spear.
The gnoll hits you with a +0 halberd!
* * * LOW HITPOINT WARNING * * *
Things that are here:
a +0 club; 12 gold pieces; a gnoll corpse You are too injured to fight recklessly!
You are too injured to fight recklessly!
You are too injured to fight recklessly!
You are too injured to fight recklessly!
You are too injured to fight recklessly!
You slash the gnoll!
The gnoll is severely wounded.
The gnoll barely misses you. x2; You furiously retaliate!
You headbutt the gnoll!
You kill the gnoll!
You slash the goblin!
You kill the goblin!
The gnoll hits you but does no damage. The gnoll hits you with a +0 spear.
* * * LOW HITPOINT WARNING * * *
The gnoll completely misses you.
Things that are here:
a +0 dagger; a +0 halberd; a gnoll corpse You barely miss the gnoll.
You headbutt the gnoll.
The gnoll is heavily wounded.
The gnoll hits you but does no damage. The gnoll closely misses you.
You barely miss the gnoll. Your headbutt misses the gnoll.
The gnoll is heavily wounded.
You block the gnoll's attack. x2; The gnoll hits you with a +0 spear.
* * * LOW HITPOINT WARNING * * *
You hit the gnoll. You headbutt the gnoll.
You kill the gnoll!
You hit the gnoll but do no damage.
The gnoll hits you with a +1 heavy flail.
* * * LOW HITPOINT WARNING * * *
You closely miss the gnoll. The gnoll barely misses you.
You closely miss the gnoll.
The gnoll hits you with a +1 heavy flail.
You die...

#..# ........#
#..............
#..# ........#
###############
#..# #########
# #..# # #>.# #
#..# # ...#
##### # ##.#
......####### #
...# #.)@)...#
# ######
#.g####.# #
....... .....
#.# # #######
#####. #.# # #
..
#.############
# ##
#.............
#
##############
# #


You could see a gnoll.

Vanquished Creatures
  3 gnolls (D:2)
  3 worms (D:2)
  A dart slug (D:1)
  2 ball pythons (D:1)
  3 endoplasms
  A giant cockroach (D:1)
  2 goblins (D:2)
  2 hobgoblins (D:2)
  A quokka (D:2)
  2 bats
  A frilled lizard (D:2)
  5 kobolds
  4 rats
30 creatures vanquished.

Notes
Turn   | Place    | Note
-------+----------+-------------------------------------------
     0 | D:1      | boo the Minotaur Fighter began the quest for the Orb.
     0 | D:1      | Reached XP level 1. HP: 19/19 MP: 0/0
   209 | D:1      | Reached XP level 2. HP: 27/27 MP: 1/1
   856 | D:2      | Reached XP level 3. HP: 33/33 MP: 2/2
   890 | D:2      | Found a faded altar of an unknown god.
  1147 | D:2      | HP: 1/33 [gnoll/+1 heavy flail (2)]
  1149 | D:2      | Slain by a gnoll

Illustrated notes

Levels and vault maps discovered:
D:1:      sevenhm_arrival_forest_fort_small_4, layout_loops_ring,
          minmay_distorted
D:2:      layout_basic, dreamdust_ecumenical_altar_statues, basic_altar,
          uniq_robin

Skill      XL: |  1  2  3 |
---------------+----------+-----
Long Blades    | 3 |  3.7
Shields        | 4 |  4.1
Armour         | 4 |  4.1
Fighting       | 4 |  4.2

Action                     || total
---------------------------++-------
  Melee: Long sword        ||    68
         Headbutt          ||    16
 Armour: Scale mail        ||    25
  Dodge: Dodged            ||    41
  Block: Buckler           ||    15

Table legend: (Time is in decaauts)
 A = Elapsed time spent in this place.
 B = Non-inter-level travel time spent in this place.
 C = Inter-level travel time spent in this place.
 D = Time resting spent in this place.
 E = Time spent auto-exploring this place.
 F = Levels seen in this place.
 G = Mean time per level.
                   A        B        C        D        E       F      G
               +--------+--------+--------+--------+--------+-----+--------+
         Total |   1168 |   1132 |     36 |     46 |    903 |   2 |  584.0 |
       Dungeon |   1168 |   1132 |     36 |     46 |    903 |   2 |  584.0 |
               +--------+--------+--------+--------+--------+-----+--------+

Top non-repeatable levels by time:
     D:1: 711 daAuts
     D:2: 456 daAuts
